 Dungeon Crawl Stone Soup version 0.27-a0-887-gcab673c142 (webtiles) character file.

Game seed: 13812214108490537497

290 spiderkeys the Insei (level 6, -4/41 HPs)
             Began as an Octopode Transmuter on Apr 5, 2021.
             Slain by a sky beast (5 damage)
             ... on level 4 of the Dungeon.
             The game lasted 00:04:30 (5111 turns).

spiderkeys the Insei (Octopode Transmuter)          Turns: 5111, Time: 00:04:31

Health: -4/41      AC:  1    Str:  9    XL:     6   Next: 32%
Magic:  9/10       EV: 14    Int: 15    God:
Gold:   121        SH:  0    Dex: 15    Spells: 7/11 levels left

rFire    . . .     SeeInvis .     - Unarmed
rCold    . . .     Faith    .   (no shield)
rNeg     . . .     Spirit   .   (helmet currently unavailable)
rPois    .         Reflect  .   (no amulet)
rElec    .         Harm     .   (no ring)
rCorr    .         Rampage  .   (no ring)
Will     .....                  (no ring)
Stlth    ++........             (no ring)
HPRegen  0.13/turn              (no ring)
MPRegen  0.12/turn              (no ring)
                                (no ring)
                                (no ring)

@: appendages
A: tentacle spike 3, almost no armour, amphibious, 8 rings, camouflage 1,
gelatinous body 1, (nimble swimmer 1), tentacles
a: End Transformation


You were on level 4 of the Dungeon.
One of your tentacles had grown a beastly spike.
You visited 1 branch of the dungeon, and saw 4 of its levels.

You collected 121 gold pieces.

Inventory:

Missiles
 d - 2 throwing nets
 l - 2 boomerangs of dispersal
Wands
 f - a wand of digging (1)
Scrolls
 a - a scroll of teleportation
 b - a scroll of identify
 h - a scroll of amnesia
Potions
 c - 3 potions of might {unknown}
 e - 2 potions of brilliance
 g - a potion of magic {unknown}
 i - a potion of flight {unknown}
 j - a potion of mutation {unknown}
 k - a potion of attraction {unknown}
 m - a potion of curing {unknown}


   Skills:
 + Level 2.8 Fighting
 + Level 3.3 Dodging
 + Level 4.1 Unarmed Combat
 + Level 3.1 Spellcasting
 + Level 3.2 Transmutations


You had 7 spell levels left.
You knew the following spells:

 Your Spells              Type           Power      Damage    Failure   Level
a - Beastly Appendage     Tmut           24%        N/A       5%          1
b - Spider Form           Tmut/Pois      3%         N/A       30%         3

Your spell library contained the following spells:

 Spells                   Type           Power      Damage    Failure   Level
 Wereblood                Tmut           12%        N/A       8%          2
 Ice Form                 Ice/Tmut       7%         N/A       69%         4
 Hydra Form               Tmut           6%         N/A       82%         5


Dungeon Overview and Level Annotations

Branches:
Dungeon (4/15)
 Temple: D:4-7

Altars:

Shops:
D:1 *   D:2 [?


Innate Abilities, Weirdness & Mutations

One of your tentacles has grown a beastly spike.
You cannot wear most types of armour.
You are amphibious.
You can wear up to eight rings at the same time.
Your skin changes colour to match your surroundings (Stealth+).
Your rubbery body absorbs attacks. (AC +1, EV +1)
((You are camouflaged near water. (Stealth+)))
You have tentacles for arms and can constrict up to eight enemies at once.


Message History

The adder misses you.
You tentacle-slap the adder. You grab the adder. You squeeze the adder.
The adder is severely wounded.
You constrict the adder. The adder closely misses you.
You tentacle-slap the adder.
You kill the adder!
No target in view!
No target in view!
No target in view!
Your tentacle spike disappears.
A sky beast comes into view.
A sky beast is nearby!
Items here: ))) ††.
Items here: ))) ††.
One of your tentacles grows a vicious spike.
You barely miss the sky beast.
Your tentacle spike misses the sky beast.
The sky beast flickers out of sight!
Deactivating autopickup; reactivate with Ctrl-A.
Something hits you. Something shocks you.
No target in view!
No target in view!
No target in view!
No target in view!
You tentacle-slap something.
Your tentacle spike misses something.
You squeeze something. Something hits you. Something shocks you.
* * * LOW HITPOINT WARNING * * *
You closely miss something. Something hits you.
* * * LOW HITPOINT WARNING * * *
Something shocks you.
* * * LOW HITPOINT WARNING * * *
You tentacle-slap something.
Your tentacle-slap misses something.
Something hits you but does no damage.
You miss something.
You pierce something.
Your squeeze misses something. Something barely misses you.
You closely miss something.
Your tentacle spike misses something.
You squeeze something. Something hits you.
* * * LOW HITPOINT WARNING * * *
Something shocks you.
You die...

..# ..## ....... ...##
....... >...## .......
.....#### .....$.
........#### .).....
.....##....##### .......
....######.....###.......
....# ####..(@{##.....
...## ####)....# ..##
####....# .## ##.## ## #


There were no monsters in sight!

Vanquished Creatures
  Jessica (D:2)
  Natasha (thrice) (D:3)
  Terence (D:2)
  Robin (D:3)
  3 gnolls (D:4)
  4 adders
  3 orcs (D:3)
  8 endoplasms
  A giant cockroach (D:1)
  15 goblins
  11 hobgoblins
  4 jackals (D:1)
  5 quokkas
  4 ball pythons
  8 bats
  2 frilled lizards
  6 kobolds
  4 rats
84 creatures vanquished.

Notes
Turn   | Place    | Note
-------+----------+-------------------------------------------
     0 | D:1      | spiderkeys the Octopode Transmuter began the quest for the
                  | Orb.
     0 | D:1      | Reached XP level 1. HP: 13/13 MP: 3/3
   257 | D:1      | Found Ujeluok's General Store.
   303 | D:1      | Reached XP level 2. HP: 9/18 MP: 5/5
  1323 | D:1      | Reached XP level 3. HP: 22/23 MP: 4/6
  1866 | D:2      | Noticed Terence
  1875 | D:2      | Killed Terence
  2017 | D:2      | Reached XP level 4. HP: 25/29 MP: 5/7
  2108 | D:2      | Noticed Jessica
  2115 | D:2      | Killed Jessica
  2594 | D:2      | Found Porghoefy's Magic Scroll Shop.
  2737 | D:2      | Found Gaatrus's Antique Armour Shoppe.
  2834 | D:2      | Found a faded altar of an unknown god.
  3196 | D:3      | Noticed Natasha
  3205 | D:3      | Killed Natasha
  3206 | D:3      | Reached XP level 5. HP: 17/34 MP: 5/9
  3438 | D:3      | Noticed Natasha
  3443 | D:3      | Killed Natasha
  3858 | D:3      | Noticed Robin
  4347 | D:3      | Noticed Natasha
  4355 | D:3      | Killed Natasha
  4356 | D:3      | Reached XP level 6. HP: 18/41 MP: 8/10
  4841 | D:3      | Killed Robin
  4842 | D:3      | Reached skill level 4 in Unarmed Combat
  4983 | D:4      | Learned a level 3 spell: Spider Form
  5100 | D:4      | Noticed a sky beast
  5111 | D:4      | HP: 1/41 [something (4)]
  5111 | D:4      | Slain by a sky beast

Illustrated notes

Levels and vault maps discovered:
D:1:      wander_arrival_estate, layout_basic, serial_shops,
          nicolae_shop_behind_doors
D:2:      layout_loops_corners, serial_shops, nicolae_shop_crystal, shop_statue,
          basic_ecumenical_altar, uniq_jessica, uniq_terence
D:3:      layout_loops_cross, uniq_robin, uniq_natasha
D:4:      layout_cave_pods, minmay_temple_entry_waves

Skill      XL: |  1  2  3  4  5  6 |
---------------+-------------------+-----
Fighting       | 2 |  2.8
Dodging        | 3 |  3.3
Transmutations | 3 |  3.2
Spellcasting   | 3 |  3.1
Unarmed Combat | 4 |  4.1

Action                   |  1- 3 |  4- 6 || total
-------------------------+-------+-------++-------
Melee: Unarmed           |    78 |   125 ||   203
       Constrict         |    18 |    35 ||    53
       Tentacles         |    15 |    19 ||    34
       Kick              |    12 |    36 ||    48
       Punch             |     2 |     6 ||     8
 Cast: Beastly Appendage |    15 |    32 ||    47
  Use: Scroll            |       |     4 ||     4
 Stab: Sleeping          |     6 |    10 ||    16
Armor: Skin              |    10 |     8 ||    18
Dodge: Dodged            |    45 |    66 ||   111

Table legend: (Time is in decaauts)
 A = Elapsed time spent in this place.
 B = Non-inter-level travel time spent in this place.
 C = Inter-level travel time spent in this place.
 D = Time resting spent in this place.
 E = Time spent auto-exploring this place.
 F = Levels seen in this place.
 G = Mean time per level.
                   A        B        C        D        E       F      G
               +--------+--------+--------+--------+--------+-----+--------+
         Total |   5097 |   4835 |    262 |    210 |   4091 |   4 | 1274.2 |
       Dungeon |   5097 |   4835 |    262 |    210 |   4091 |   4 | 1274.2 |
               +--------+--------+--------+--------+--------+-----+--------+

Top non-repeatable levels by time:
     D:1: 1861 daAuts
     D:3: 1735 daAuts
     D:2: 1369 daAuts
     D:4: 131 daAuts
